AoeStats
← Grapes

Arabia

507373386Analyzed
1v1 RM · 2mo ago on Sep 17, 2026· 45m 27s· 2 players
Game mode
Random Map
Map size
Tiny (2 player)
Population
200
Speed
Normal
Resources
Standard
Victory
Conquest
Starting age
Dark Age
Ending age
Imperial Age
RankedLock teamsTeams togetherTeam positionsShared explorationLock speedFull tech treeHidden civsTurbo modeCheats
Victory
Defeat
🇨🇦 Turks · Canada
1021
+15
vs
🇩🇪 Vietnamese · Germany
1002
-15
Onkel Olli
10:51 Feudal Age
15:06 Castle Age
13:14 Double-Bit Axe
13:23 Stone Mining
13:19 Horse Collar
22:42 Heavy Plow
28:28 Fletching
28:39 Padded Archer Armor
29:30 Wheelbarrow
28:41 Town Watch
29:55 Bow Saw
30:07 Gold Mining
30:34 Bodkin Arrow
30:04 Elite Skirmisher
34:37 Imperial Age
32:43 Ballistics
36:20 Chemistry
34:44 Imperial Skirmisher
35:46 Leather Archer Armor
37:34 Bracer
41:11 Thumb Ring
Grapes
8:06 Loom
10:58 Feudal Age
11:45 Double-Bit Axe
11:42 Horse Collar
18:50 Wheelbarrow
18:49 Scale Barding Armor
18:55 Forging
18:59 Bloodlines
22:02 Castle Age
25:43 Bow Saw
25:35 Heavy Plow
26:36 Hand Cart
26:34 Husbandry
26:30 Fletching
32:14 Ballistics
32:20 Gold Mining
32:23 Stone Mining
36:09 Imperial Age
34:37 Town Watch
34:51 Bodkin Arrow
35:17 Chain Barding Armor
35:33 Iron Casting
36:31 Padded Archer Armor
36:36 Murder Holes
37:56 Cavalier
38:03 Heavy Camel Rider
Connection lost

Rejoining the realm…

Still unreachable

The connection could not be restored.

Session expired

The server has moved on; the page needs a fresh start.